 Dungeon Crawl Stone Soup version 0.28.0-43-g3370ac3207 (webtiles) character file.

Game seed: 5603574442754032281

19 cbfl8 the Covert (level 2, -6/23 HPs)
             Began as a Vampire Delver on Mar 19, 2022.
             Mangled by a river rat (8 damage)
             ... on level 3 of the Dungeon.
             The game lasted 00:01:21 (310 turns).

cbfl8 the Covert (Vampire Delver)                    Turns: 310, Time: 00:01:22

Health: -6/23      AC:  3    Str: 11    XL:     2   Next: 55%
Magic:  2/2        EV: 16    Int: 12    God:
Gold:   38         SH:  0    Dex: 15    Spells: 1/1 levels left

rFire   . . .      SeeInvis +   a - +0 falchion
rCold   . . .      Faith    .   (no shield)
rNeg    . . .      Spirit   .   b - +0 leather armour
rPois   .          Reflect  .   (no helmet)
rElec   .          Harm     .   (no cloak)
rCorr   .          Rampage  .   (no gloves)
Will    .....                   (no boots)
Stlth   ++++......              (no amulet)
HPRegen 0.27/turn               h - +4 ring of evasion
MPRegen 0.08/turn               (no ring)

@: lethally poisoned (-6 -> -11), healing quickly
A: alive, fangs 3, see invisible, vampiric 1
a: Exsanguinate


You were on level 3 of the Dungeon.
You visited 1 branch of the dungeon, and saw 3 of its levels.

You collected 38 gold pieces.

Inventory:

Hand Weapons
 a - a +0 falchion (weapon)
Armour
 b - a +0 leather armour (worn)
Jewellery
 h - a +4 ring of evasion (left hand)
Wands
 g - a wand of digging (3)
Scrolls
 c - a scroll of fog
 d - a scroll of identify {unknown}
Potions
 f - a potion of haste


   Skills:
 + Level 2.8 Fighting
 + Level 2.1 Long Blades
 + Level 0.2 Armour
 + Level 2.2 Dodging
 + Level 8.0 Stealth


You had one spell level left.
You didn't know any spells.
Your spell library was empty.

Dungeon Overview and Level Annotations

Branches:
Dungeon (5/15)
 Temple: D:4-7

Altars:

Portals:
Sewer: D:3

Annotations:
D:4 2 runed translucent doors, Icepheonix32's ghost, amateur DsFi


Innate Abilities, Weirdness & Mutations

Your natural rate of healing is accelerated.
You have razor-sharp teeth.
You have supernaturally acute eyesight. (SInv)
You are afflicted with vampirism.


Message History

You see here a +0 flail.
The adder closely misses you. The adder bites you. The rat barely misses you.
Cornered, the river rat turns to fight!
The river rat misses you.
You see here 14 gold pieces.
Cornered, the river rat turns to fight!
The river rat misses you. The rat closely misses you.
The giant cockroach waves its antennae.
You hear the slow rusting of a drain.
The rat splashes around in the water.
The adder closely misses you. The river rat misses you. x2
You hit the river rat. Your bite misses the river rat.
The river rat is moderately wounded.
The rat completely misses you. The adder bites you.
You are poisoned.
The adder poisons you! The river rat bites you.
You barely miss the river rat.
The river rat is moderately wounded.
You feel sick.
The worm seems to regain its courage.
The adder misses you.
The rat splashes around in the water.
The river rat bites you. The river rat closely misses you.
The rat barely misses you. The adder closely misses you.
You hit the river rat.
The river rat is heavily wounded.
You feel sick.
The adder seems to regain its courage.
The adder bites you. The river rat closely misses you.
The rat bites you but does no damage. The river rat completely misses you.
You closely miss the river rat.
The river rat is heavily wounded.
You feel sick. The adder bites you.
* * * LOW HITPOINT WARNING * * *
You are lethally poisoned!
The adder poisons you! The river rat barely misses you.
The river rat bites you.
* * * LOW HITPOINT WARNING * * *
The rat misses you. The river rat bites you.
* * * LOW HITPOINT WARNING * * *
The adder barely misses you. The river rat bites you!
You die...

#####.. #######
....#.# ##≈≈≈≈∩#
###.#.# #.≈≈≈w≈#
#.#.# #..≈≈≈r#
#.#.# #...≈rr#
#.#.#####...BS@#
###....##..)..$rr#
..........########
##.......##
#...........
.........####
###....### #....#
.....##


You could see a worm, an adder, 3 river rats, a giant cockroach and 2 rats.

Vanquished Creatures
  An adder (D:3)
  A dart slug (D:5)
  An orc (D:4)
  4 endoplasms
7 creatures vanquished.

Notes
Turn   | Place    | Note
-------+----------+-------------------------------------------
     0 | D:5      | cbfl8 the Vampire Delver began the quest for the Orb.
     0 | D:5      | Reached XP level 1. HP: 17/17 MP: 1/1
    97 | D:4      | Found a large runed translucent door.
    97 | D:4      | Found a large runed translucent door.
    99 | D:4      | Noticed Icepheonix32's ghost (amateur DsFi)
   182 | D:3      | Reached XP level 2. HP: 2/23 MP: 2/2
   273 | D:3      | Reached skill level 8 in Stealth
   296 | D:3      | Found a glowing drain.
   310 | D:3      | Mangled by a river rat

Illustrated notes

Levels and vault maps discovered:
D:3:      layout_loops_ring, chequers_ecumenical_altar_simple_redux,
          portal_sewer_entry_b, chequers_garden, kennysheep_jessica_study
D:4:      layout_basic, grunt_temple_overflow_gold_and_silver,
          general_overflow_altar, ebering_ghost_disaster_area,
          cheibrodos_gnoll_hut, uniq_grinder
D:5:      layout_cave_pools, kennysheep_generic_room_5

Skill      XL: |  1  2 |
---------------+-------+-----
Stealth        | 8 |  8.0
Fighting       | |  2.8
Long Blades    | |  2.1
Armour         | |  0.2
Dodging        | |  2.2

Action                   || total
-------------------------++-------
Melee: Falchion          ||    39
       Bite              ||     3
       Punch             ||     1
  Use: Scroll            ||     2
 Stab: Sleeping          ||     1
Armor: Leather armour    ||     8
Dodge: Dodged            ||    41
